AoeStats
← kick/vitalyrocky

Arena

508621217Analyzed
1v1 RM · 10d ago on Sep 23, 2026· 28m 23s· 2 players
Game mode
Random Map
Map size
Tiny (2 player)
Population
200
Speed
Normal
Resources
Standard
Victory
Conquest
Starting age
Dark Age
Ending age
Imperial Age
RankedLock teamsTeams togetherTeam positionsShared explorationLock speedFull tech treeHidden civsTurbo modeCheats
Victory
Defeat
🇺🇸 Spanish · United States
1109
+16
🇹🇷 Hindustanis · Türkiye
1102
-16
D.M.G.
12:06 Feudal Age
16:47 Castle Age
19:40 Double-Bit Axe
kick/vitalyrocky
8:08 Loom
8:11 Loom
11:06 Feudal Age
14:59 Castle Age
15:44 Double-Bit Axe
15:50 Fletching
25:15 Redemption
Connection lost

Rejoining the realm…

Still unreachable

The connection could not be restored.

Session expired

The server has moved on; the page needs a fresh start.